 Dungeon Crawl Stone Soup version 0.22.0-6-g71bd7aa (webtiles) character file.

21688 Amnesiac the Blocker (level 12, -2/91 HPs)
             Began as a Mummy Air Elementalist on Aug 15, 2018.
             Was a High Priest of Dithmenos.
             Slain by an orc warrior
             ... wielding a +0 battleaxe
              (8 damage)
             ... on level 1 of the Orcish Mines.
             The game lasted 00:39:06 (18127 turns).

Amnesiac the Blocker (Mummy Air Elementalist)      Turns: 18127, Time: 00:39:07

Health: -2/91      AC: 13    Str: 16    XL:     12   Next: 56%
Magic:  7/24       EV: 17    Int: 24    God:    Dithmenos [*****.]
Gold:   1528       SH:  0    Dex: 12    Spells: 16/28 levels left

rFire    + . .     SeeInvis +   a - +2 whip of Karma {slash, Int+6}
rCold    + + .     Gourm    .   (no shield)
rNeg     + + +     Faith    .   y - +1 robe {rC+ rF+}
rPois    ∞         Spirit   .   u - +2 hat
rElec    .         Reflect  .   p - +2 cloak
rCorr    .         Harm     .   m - +1 pair of gloves {Str+3}
MR       +....                  D - +2 pair of boots
Stlth    ++........             A - amulet of magic regeneration
HPRegen  0.25/turn              v - ring of see invisible
MPRegen  0.44/turn              h - ring of protection from fire

@: sluggish, wreathed by umbra, very slow
A: no food or potions, fire vulnerability, cold resistance 1, negative energy
resistance 3, torment resistance, unbreathing
a: Shadow Step, Shadow Form, Renounce Religion


You were on level 1 of the Orcish Mines.
You worshipped Dithmenos.
Dithmenos was extremely pleased with you.
You were not hungry.

You visited 3 branches of the dungeon, and saw 15 of its levels.
You also visited: Sewer.

You collected 1551 gold pieces.
You spent 23 gold pieces at shops.

Inventory:

Hand Weapons
 a - the +2 whip of Karma (weapon) {slash, Int+6}
   (You took it off an orc on level 5 of the Dungeon)

   It inflicts extra damage upon your enemies.
   It affects your intelligence (+6).
 b - a +5 whip of electrocution
 C - a +0 blowgun
 E - a +0 dagger of distortion
Missiles
 z - 8 curare-tipped needles
Armour
 i - a +0 shield
 m - a +1 pair of gloves of strength (worn)
 p - a +2 cloak (worn)
 u - a +2 hat (worn)
 y - a +1 robe of resistance (worn)
 D - a +2 pair of boots (worn)
Jewellery
 h - a ring of protection from fire (right hand)
 t - an uncursed ring of resist corrosion
 v - a ring of see invisible (left hand)
 A - an amulet of magic regeneration (around neck)
Wands
 c - a wand of acid (4)
 r - a wand of disintegration (4)
 w - a wand of random effects (26)
 F - a wand of iceblast (10)
Scrolls
 d - 2 scrolls of blinking {!r}
 e - 2 scrolls of magic mapping {!r}
 f - 3 scrolls of teleportation {!r}
 g - 3 scrolls of fear {!r}
 j - 10 scrolls of remove curse {!r}
 k - a scroll of silence {!r}
 l - 3 scrolls of identify {!r}
 n - 4 scrolls of amnesia {!r}
 o - 3 scrolls of enchant armour {!r}
 q - a scroll of vulnerability {!r, unknown}
 s - a scroll of brand weapon {!r}
 x - a scroll of torment {!r, unknown}
 B - a scroll of enchant weapon {!r}


   Skills:
 + Level 7.1 Fighting
 * Level 8.8 Dodging
 - Level 1.5 Stealth
 * Level 8.8 Shields
 - Level 8.5 Spellcasting
 + Level 6.0 Conjurations
 - Level 8.5 Air Magic


You had 16 spell levels left.
You knew the following spells:

 Your Spells              Type           Power        Failure   Level  Hunger
a - Airstrike             Air            ######....   1%          4    N/A
d - Lightning Bolt        Conj/Air       #####.....   9%          5    N/A
e - Shock                 Conj/Air       ####         1%          1    N/A
z - Swiftness             Chrm/Air       ####....     1%          2    N/A

Your spell library contained the following spells:

 Spells                   Type           Power        Failure   Level  Hunger
 Fireball                 Conj/Fire      ###.......   45%         5    N/A
 Apportation              Tloc           ##....       6%          1    N/A
 Conjure Flame            Conj/Fire      ###.....     5%          3    N/A
 Confuse                  Hex            ##......     19%         3    N/A
 Throw Flame              Conj/Fire      ###...       2%          2    N/A
 Summon Small Mammal      Summ           ##..         6%          1    N/A
 Animate Dead             Necr           N/A          52%         4    N/A
 Animate Skeleton         Necr           N/A          6%          1    N/A
 Sticky Flame             Conj/Fire      ###.....     19%         4    N/A
 Tukima's Dance           Hex            ##......     19%         3    N/A
 Recall                   Summ/Tloc      N/A          19%         3    N/A
 Death Channel            Necr           ##........   100%        6    N/A
 Confusing Touch          Hex            ##....       6%          1    N/A
 Flame Tongue             Conj/Fire      ###..        1%          1    N/A
 Ensorcelled Hibernation  Hex/Ice        ##....       10%         2    N/A
 Static Discharge         Conj/Air       #####...     1%          3    N/A
 Corona                   Hex            ##.....      6%          1    N/A
 Simulacrum               Ice/Necr       ##........   100%        6    N/A
 Inner Flame              Hex/Fire       ##......     19%         3    N/A
 Dazzling Spray           Conj/Hex       ###...       5%          3    N/A
 Borgnjor's Vile Clutch   Necr/Erth      ##........   86%         5    N/A

Dungeon Overview and Level Annotations

Branches:
Dungeon (12/15)            Temple (1/1) D:4            Lair (0/6) D:10
    Orc (2/2) D:12
    Elf: Orc:2

Altars:
Ashenzari
Cheibriados
Dithmenos
Elyvilon
Fedhas
Gozag
Hepliaklqana
Kikubaaqudgha
Makhleb
Nemelex Xobeh
Okawaru
Qazlal
Ru
Sif Muna
Trog
Uskayaw
Vehumet
Wu Jian
Xom
Yredelemnul
Zin
The Shining One
Beogh

Shops:
D:5 **   D:6 ?*((   D:7 !


Innate Abilities, Weirdness & Mutations

You do not eat or drink.
Your flesh is vulnerable to fire.
You are immune to poison.
Your flesh is cold resistant. (rC+)
You are immune to negative energy. (rN+++)
You are immune to unholy pain and torment.
You can survive without breathing.


Message History

* * * LOW HITPOINT WARNING * * *
The orc wizard gestures wildly while chanting.
The orc wizard seems to speed up.
The orc warrior closely misses you. The orc completely misses you.
The orc warrior closely misses you.
The orc wizard points at you and mumbles some strange words.
The magic dart hits you!
* * * LOW HITPOINT WARNING * * *
The orc completely misses you. The orc misses you.
You climb upwards.
There is a stone staircase leading down here.
You see here an orc corpse.
The orc wizard barely misses you.
The orc wizard hits you but does no damage.
The orc closely misses you.
Casting: Airstrike (safe; 1% risk of failure)
Confirm with . or Enter, or press ? or * to list all spells.
Aiming: Lightning Bolt (slightly dangerous; 9% risk of failure)
Press: ? - help, Shift-Dir - straight line You hear a mighty clap of thunder!
The bolt of lightning hits the orc.
You kill the orc!
Dithmenos accepts your kill.
The bolt of lightning misses the orc warrior.
The bolt of lightning hits the orc wizard.
The orc wizard is moderately wounded.
Unknown command.
Casting: Lightning Bolt (slightly dangerous; 9% risk of failure)
Confirm with . or Enter, or press ? or * to list all spells.
Aiming: Shock (safe; 1% risk of failure)
Press: ? - help, Shift-Dir - straight line, f - orc wizard
Aim: an orc wizard, wielding a dagger and wearing a robe (moderately wounded, fast, umbra)
The zap hits the orc wizard.
The orc wizard is almost dead.
The zap hits the orc warrior.
The orc warrior is lightly wounded.
The zap hits the orc.
The orc is severely wounded.
The orc wizard closely misses you.
Casting: Shock (safe; 1% risk of failure)
Confirm with . or Enter, or press ? or * to list all spells.
Aiming: Shock (safe; 1% risk of failure)
Press: ? - help, Shift-Dir - straight line, f/p - orc wizard
Aim: an orc wizard, wielding a dagger and wearing a robe (almost dead, fast, umbra)
The zap hits the orc wizard.
You kill the orc wizard!
Dithmenos accepts your kill.
The zap hits the orc warrior.
The orc warrior is moderately wounded.
You start to feel a little slower.
Things that are here:
a leather armour; a mace; an orc skeleton You feel sluggish.
Casting: Shock (safe; 1% risk of failure)
Confirm with . or Enter, or press ? or * to list all spells.
Aiming: Lightning Bolt (slightly dangerous; 9% risk of failure)
Press: ? - help, Shift-Dir - straight line
Okay, then.
The orc warrior hits you with a battleaxe!!
* * * LOW HITPOINT WARNING * * *
The orc hits you with a flail.
* * * LOW HITPOINT WARNING * * *
The orc warrior hits you with a battleaxe!
You die...

##.....##. ###
##.........
##.###..........
#...##..........
####..#...........
##.#...............
#..................
##......)..........
#@o...........#...
##o....[.......[..
#.o........)...)[>
##....[...........
##.#.#....)......
#####[..........
#<[..........
####)..#.......
##.#.......##..#


You could see an orc warrior and 2 orcs.

Vanquished Creatures
  3 centaur warriors
  3 two-headed ogres
  Sonja (D:11)
  Pikel (D:6)
  A deep elf mage (D:8)
  A manticore (D:12)
  A cyclops (D:12)
  Maurice (D:8)
  A centaur zombie (D:10)
  Joseph (D:7)
  A gargoyle (D:10)
  Psyche (D:8)
  A komodo dragon (D:10)
  2 hornets
  2 trolls
  Prince Ribbit (D:7)
  3 slime creatures
  6 hippogriffs
  3 wraiths
  2 shadows
  Sigmund (D:6)
  A wyvern (D:10)
  4 yaks (D:12)
  A hungry ghost (D:9)
  The ghost of lukekx100 the Insei, an amateur GnTm (D:4)
  Menkaure (D:6)
  An acid dragon (D:7)
  2 soldier ants (D:8)
  The ghost of p0werm0de the Sneak, an amateur OpEn (D:5)
  Duvessa (D:6)
  3 water moccasins
  13 orc warriors
  A black bear (D:6)
  2 ice beasts (D:10)
  2 slaves (D:6)
  A phantom (D:7)
  6 ogres
  3 sky beasts
  5 centaurs
  2 crocodiles
  3 big kobolds
  Blork the orc (D:5)
  10 bullfrogs
  2 gnoll sergeants
  Dowan (D:6)
  5 scorpions
  20 killer bees
  7 wights
  2 howler monkeys (D:12)
  5 crimson imps
  2 bullfrog zombies
  7 hounds
  A jelly (D:12)
  7 centaur skeletons
  15 orc priests
  4 bullfrog skeletons
  A gnoll shaman (D:10)
  2 iguanas
  19 orc wizards
  10 worker ants
  2 worker ant zombies
  20 gnolls
  19 adders
  4 shadow imps
  2 oozes
  2 worms
  4 dart slugs
  8 leopard geckos
  71 orcs
  12 bats
  12 giant cockroaches
  5 goblins
  12 hobgoblins
  16 jackals
  5 quokkas
  5 frilled lizards
  A jackal skeleton (D:8)
  27 kobolds
  A quokka skeleton (D:8)
  7 rats
447 creatures vanquished.

Vanquished Creatures (others)
  A slave (D:6)
  A crimson imp (D:6)
  2 plants (D:10)
4 creatures vanquished.

Grand Total: 451 creatures vanquished

Notes
Turn   | Place    | Note
-------+----------+-------------------------------------------
     0 | D:1      | Amnesiac the Mummy Air Elementalist began the quest for the Orb.
     0 | D:1      | Reached XP level 1. HP: 13/13 MP: 4/4
    79 | D:3      | Reached XP level 2. HP: 14/19 MP: 0/5
    83 | D:3      | Learned a level 2 spell: Swiftness
   173 | D:3      | Found an opulent altar of Gozag.
   264 | D:3      | Found a glowing drain.
   266 | D:3      | Reached XP level 3. HP: 17/24 MP: 3/7
   324 | D:2      | Reached XP level 4. HP: 16/30 MP: 2/9
   407 | D:2      | Learned a level 4 spell: Airstrike
   634 | Sewer    | Entered a sewer
   684 | Sewer    | Reached XP level 5. HP: 35/35 MP: 6/11
   846 | Sewer    | Noticed a crocodile
   871 | Sewer    | Killed a crocodile
  1483 | D:3      | Reached XP level 6. HP: 19/41 MP: 5/13
  1668 | D:3      | Reached skill level 5 in Spellcasting
  1668 | D:3      | Reached skill level 5 in Air Magic
  2084 | D:4      | Found a shattered altar of Ashenzari.
  2105 | D:4      | Found a staircase to the Ecumenical Temple.
  2113 | Temple   | Entered the Ecumenical Temple
  3172 | D:4      | Found a shimmering altar of Xom.
  3355 | D:4      | Reached XP level 7. HP: 44/46 MP: 6/15
  3935 | D:4      | Noticed lukekx100's ghost (amateur GnTm)
  3939 | D:4      | Found a runed gate.
  3939 | D:4      | Found a runed gate.
  3939 | D:4      | Found a runed gate.
  4152 | D:5      | Entered Level 5 of the Dungeon
  4163 | D:5      | Found Hagaiqan's Assorted Antiques.
  4169 | D:5      | Found Eveo's Assorted Antiques.
  4586 | D:5      | Found a runed gate.
  4586 | D:5      | Noticed p0werm0de's ghost (amateur OpEn)
  4811 | D:5      | Found a runed gate.
  4812 | D:5      | Found a runed gate.
  4823 | D:5      | Found a roughly hewn altar of Beogh.
  4855 | D:6      | Noticed Blork the orc
  4876 | D:5      | Killed Blork the orc
  4876 | D:5      | Reached XP level 8. HP: 45/52 MP: 4/18
  5612 | D:6      | Found Zakash's Weapon Shoppe.
  5613 | D:6      | Found Laitara's General Store.
  5694 | D:6      | Noticed Pikel
  5707 | D:6      | Killed Pikel
  5707 | D:6      | Reached XP level 9. HP: 56/57 MP: 3/21
  5819 | D:6      | Found Hutz's Antique Weapon Boutique.
  5855 | D:6      | Reached skill level 1 in Shields
  5883 | D:6      | Noticed Sigmund
  5970 | D:6      | Killed Sigmund
  5970 | D:6      | Reached skill level 1 in Conjurations
  6059 | D:6      | Found Coerinti's Magic Scroll Boutique.
  6122 | D:6      | Noticed Menkaure
  6125 | D:6      | Killed Menkaure
  6125 | D:6      | Reached skill level 1 in Fighting
  6273 | D:6      | Noticed Dowan
  6274 | D:6      | Noticed Duvessa
  6279 | D:6      | Killed Dowan
  6327 | D:6      | Killed Duvessa
  7257 | D:7      | Found a transporter.
  7479 | D:7      | Learned a level 5 spell: Lightning Bolt
  7655 | D:7      | Found an iron altar of Okawaru.
  8023 | D:7      | Found Ynoc's Distillery.
  8077 | D:7      | Noticed Joseph
  8182 | D:7      | Noticed Prince Ribbit
  8189 | D:7      | Killed Prince Ribbit
  8189 | D:7      | Reached XP level 10. HP: 63/69 MP: 0/22
  8859 | D:8      | Found a blossoming altar of Fedhas.
  8859 | D:8      | Found a snail-covered altar of Cheibriados.
  8859 | D:8      | Found a shadowy altar of Dithmenos.
  8859 | D:8      | Found a sparkling altar of Nemelex Xobeh.
  8859 | D:8      | Noticed Maurice
  8866 | D:8      | Killed Maurice
  8877 | D:8      | Became a worshipper of Dithmenos the Shadowed
  9586 | D:1      | Reached * piety under Dithmenos
  9861 | D:4      | Killed lukekx100's ghost
 10009 | D:5      | Bought a scroll labeled BOLIL VOCUSHRI for 23 gold pieces
 10059 | D:5      | Killed p0werm0de's ghost
 10242 | D:5      | Got a bloodstained whip {slash}
 10411 | D:7      | Killed Joseph
 10535 | D:7      | Found a roughly hewn altar of Beogh.
 10547 | D:7      | Noticed a two-headed ogre
 10552 | D:7      | Reached skill level 5 in Shields
 10555 | D:7      | Reached skill level 5 in Dodging
 10691 | D:7      | Found a transporter.
 10906 | D:7      | Killed a two-headed ogre
 11032 | D:7      | Identified the +2 whip of Karma {slash, Int+6} (You took it off an orc on level 5 of the Dungeon)
 11160 | D:8      | Reached ** piety under Dithmenos
 11800 | D:8      | Found a glowing silver altar of Zin.
 12351 | D:8      | Reached XP level 11. HP: 73/78 MP: 0/23
 12801 | D:8      | Noticed a centaur warrior
 12813 | D:8      | Killed a centaur warrior
 13007 | D:8      | Noticed a deep elf mage
 13017 | D:8      | Reached *** piety under Dithmenos
 13020 | D:8      | Killed a deep elf mage
 13020 | D:8      | Reached skill level 5 in Fighting
 13258 | D:8      | Noticed Psyche
 13262 | D:8      | Killed Psyche
 13751 | D:9      | Found a shattered altar of Ashenzari.
 13756 | D:9      | Found an iron altar of Okawaru.
 13773 | D:9      | Got a fine chain mail
 13822 | D:9      | Found a deep blue altar of Sif Muna.
 14146 | D:10     | Entered Level 10 of the Dungeon
 14730 | D:10     | Noticed a centaur warrior
 14737 | D:10     | Killed a centaur warrior
 14917 | D:10     | Found a staircase to the Lair.
 15128 | D:10     | Noticed a centaur warrior
 15299 | D:10     | Reached skill level 5 in Conjurations
 15413 | D:10     | Killed a centaur warrior
 15505 | D:11     | Noticed a two-headed ogre
 15516 | D:11     | Killed a two-headed ogre
 15697 | D:11     | Reached XP level 12. HP: 88/88 MP: 8/24
 15707 | D:11     | Reached **** piety under Dithmenos
 15887 | D:11     | Noticed a two-headed ogre
 15900 | D:11     | Killed a two-headed ogre
 16188 | D:11     | Identified the +7 chain mail of the Scribe {rC+++ rN+++ Str-5 Slay-5} (You found it on level 9 of the Dungeon)
 16310 | D:11     | Noticed Sonja
 16314 | D:11     | Killed Sonja
 16727 | D:11     | Reached ***** piety under Dithmenos
 17438 | D:12     | Found a staircase to the Orcish Mines.
 17562 | D:12     | Found a stormy altar of Qazlal.
 17795 | Orc:1    | Entered Level 1 of the Orcish Mines
 18098 | Orc:2    | Entered Level 2 of the Orcish Mines
 18127 | Orc:1    | Slain by an orc warrior

Skill      XL: |  1  2  3  4  5  6  7  8  9 10 11 12 |
---------------+-------------------------------------+-----
Air Magic      | 3 4 5 6 8 |  8.5
Spellcasting   | 3 4 5 6 8 |  8.5
Shields        | 4 6 7 8 |  8.8
Conjurations   | 2 4 5 6 |  6.0
Fighting       | 2 4 6 7 |  7.1
Dodging        | 4 6 7 8 |  8.8
Stealth        | |  1.5

Action                   |  1- 3 |  4- 6 |  7- 9 | 10-12 || total
-------------------------+-------+-------+-------+-------++-------
Melee: Unarmed           |     1 |     1 |       |       ||     2
       Quarterstaff      |       |     5 |       |       ||     5
       Whip              |       |       |     2 |    67 ||    69
 Cast: Shock             |    26 |   147 |   184 |   266 ||   623
       Airstrike         |       |     7 |    73 |   258 ||   338
       Swiftness         |       |       |     2 |     2 ||     4
       Lightning Bolt    |       |       |       |    40 ||    40
Evoke: Wand              |       |       |     2 |    11 ||    13
  Use: Scroll            |       |     7 |     5 |     9 ||    21
Armor: Robe              |    18 |    16 |    11 |    66 ||   111
Dodge: Dodged            |    31 |    48 |    62 |   295 ||   436
